 Dungeon Crawl Stone Soup version 0.28-a0-657-g71136c5590 (webtiles) character file.

Game seed: 2866784145507769970

34 ytrimaz the Insei (level 3, -3/23 HPs)
             Began as an Octopode Transmuter on Oct 13, 2021.
             Slain by a hobgoblin (5 damage)
             ... on level 2 of the Dungeon.
             The game lasted 00:01:42 (1476 turns).

ytrimaz the Insei (Octopode Transmuter)             Turns: 1476, Time: 00:01:43

Health: -3/23      AC:  1    Str:  9    XL:     3   Next: 31%
Magic:  6/6        EV: 13    Int: 16    God:
Gold:   41         SH:  0    Dex: 12    Spells: 5/6 levels left

rFire   . . .      SeeInvis .     - Unarmed
rCold   . . .      Faith    .   (no shield)
rNeg    . . .      Spirit   .   (helmet restricted)
rPois   .          Reflect  .   (no amulet)
rElec   .          Harm     .   (no ring)
rCorr   .          Rampage  .   (no ring)
Will    .....                   (no ring)
Stlth   ++........              (no ring)
HPRegen 0.07/turn               (no ring)
MPRegen 0.10/turn               (no ring)
                                (no ring)
                                (no ring)

@: no status effects
A: almost no armour, amphibious, 8 rings, camouflage 1, gelatinous body 1,
(nimble swimmer 1), tentacles
a: no special abilities


You were on level 2 of the Dungeon.
You visited 1 branch of the dungeon, and saw 2 of its levels.

You collected 41 gold pieces.

Inventory:

Scrolls
 b - a scroll of identify {unknown}
 d - a scroll of torment {unknown}
 e - 2 scrolls of teleportation {unknown}
Potions
 a - a potion of curing {unknown}
 c - a potion of mutation {unknown}


   Skills:
 * Level 1.1 Fighting
 - Level 2.0 Dodging
 * Level 3.8 Unarmed Combat
 * Level 2.3 Spellcasting
 + Level 2.1 Transmutations


You had 5 spell levels left.
You knew the following spells:

 Your Spells              Type           Power      Damage    Failure   Level
a - Beastly Appendage     Tmut           16%        N/A       9%          1

Your spell library contained the following spells:

 Spells                   Type           Power      Damage    Failure   Level
 Wereblood                Tmut           8%         N/A       12%         2
 Spider Form              Tmut/Pois      2%         N/A       36%         3
 Ignite Poison            Fire/Tmut/Pois 4%         N/A       41%         3
 Conjure Flame            Conj/Fire      1%         6-21      52%         3
 Ice Form                 Ice/Tmut       5%         N/A       77%         4
 Sticky Flame             Conj/Fire      1%         2d3       89%         4


Dungeon Overview and Level Annotations

Branches:
Dungeon (2/15)

Altars:


Innate Abilities, Weirdness & Mutations

You cannot wear most types of armour.
You are amphibious.
You can wear up to eight rings at the same time.
Your skin changes colour to match your surroundings (Stealth+).
Your rubbery body absorbs attacks. (AC +1, EV +1)
((You are camouflaged near water. (Stealth+)))
You have tentacles for arms and can constrict up to eight enemies at once.


Message History

Casting: Beastly Appendage (safe; 9% risk of failure)
Confirm with . or Enter, or press ? or * to list all spells.
One of your tentacles grows a vicious spike.
The ball python hisses angrily.
The adder hisses angrily.
The kobold shouts!
The adder bites you but does no damage. The adder bites you.
You are poisoned.
The adder poisons you!
You barely miss the adder. Your grab misses the adder.
Your tentacle-slap misses the adder.
You feel sick. The adder bites you.
You are more poisoned.
The adder poisons you!
You tentacle-slap the adder. You grab the adder. You squeeze the adder.
The adder is heavily wounded.
You constrict the adder.
You feel sick. The adder misses you.
You barely miss the adder. Your squeeze misses the adder.
The adder is severely wounded.
You constrict the adder.
You feel sick. The adder bites you.
You tentacle-slap the adder.
The adder is almost dead.
You constrict the adder.
You kill the adder!
You feel sick.
You barely miss the ball python. You grab the ball python.
You pierce the ball python.
You kill the ball python!
You feel sick. The hobgoblin hits you.
* * * LOW HITPOINT WARNING * * *
Unknown command.
You feel sick.
You feel sick.
Your transformation is almost over.
You feel sick.
You feel sick.
You feel sick.
You are no longer poisoned.
Your tentacle spike disappears.
You see here a giant cockroach corpse.
The hobgoblin hits you.
You die...

#.#.##(#.#.##.#.##.#.##
.#.##.#...#.##.#.##.#.##
#.##.#)##..(.##.#†##.#.#
.#.##.#.##.#...#.##.#.##
#.#.##.#.##.#.#.##.#.##
##.#.##.#.##.#.##.#K##
###.#.##.#.##.##.#†##
####.#.##.#.###g#.##
...##.#.##.#.#.#@##
.#.###.#.##.#.#.##
.#.####.#.##.#.##
......##.#.##.##
##.##.###.#.### ...##.#
##...# ##....# #..##
#.#### ##.## ##.# #..#


You could see a hobgoblin and a kobold.

Vanquished Creatures
  An adder (D:2)
  A dart slug (D:1)
  3 endoplasms
  2 giant cockroaches (D:2)
  A hobgoblin (D:1)
  2 kobolds (D:2)
  2 quokkas (D:2)
  5 ball pythons
  2 bats (D:1)
  A frilled lizard (D:1)
  A goblin (D:1)
  3 rats
24 creatures vanquished.

Notes
Turn   | Place    | Note
-------+----------+-------------------------------------------
     0 | D:1      | ytrimaz the Octopode Transmuter began the quest for the
                  | Orb.
     0 | D:1      | Reached XP level 1. HP: 13/13 MP: 3/3
   282 | D:1      | Reached XP level 2. HP: 12/18 MP: 5/5
   836 | D:1      | Found a faded altar of an unknown god.
  1438 | D:2      | Reached XP level 3. HP: 23/23 MP: 6/6
  1476 | D:2      | Slain by a hobgoblin

Illustrated notes

Levels and vault maps discovered:
D:1:      dpeg_arrival_pits, layout_basic, shapermc_ecumenical_altar_petra
D:2:      minmay_inner_zag, layout_basic, serial_park_tiny_1

Action                   || total
-------------------------++-------
Melee: Unarmed           ||    44
       Tentacles         ||     8
       Constrict         ||    11
       Kick              ||     4
 Cast: Beastly Appendage ||     9
 Stab: Sleeping          ||     5
Armor: Skin              ||     4
Dodge: Dodged            ||    36

Table legend: (Time is in decaauts)
 A = Elapsed time spent in this place.
 B = Non-inter-level travel time spent in this place.
 C = Inter-level travel time spent in this place.
 D = Time resting spent in this place.
 E = Time spent auto-exploring this place.
 F = Levels seen in this place.
 G = Mean time per level.
                   A        B        C        D        E       F      G
               +--------+--------+--------+--------+--------+-----+--------+
         Total |   1472 |   1440 |     32 |    366 |    775 |   2 |  736.0 |
       Dungeon |   1472 |   1440 |     32 |    366 |    775 |   2 |  736.0 |
               +--------+--------+--------+--------+--------+-----+--------+

Top non-repeatable levels by time:
     D:1: 873 daAuts
     D:2: 598 daAuts
